 Dungeon Sprint DCSS version 0.17-a0-1718-g72dbe4d (webtiles) character file.

15700000 ztt the Middleweight Champion (level 27, -75/273 HPs)
             Began as a Ghoul Monk on Aug 26, 2015.
             Was the Champion of Makhleb.
             Annihilated by The Servant
             ... wielding a +9 glaive of flaming
              (135 damage)
             ... in the Dungeon (Sprint VIII: "Arena of Blood").
             The game lasted 00:03:44 (157 turns).

ztt the Middleweight Champion (Ghoul Monk)           Turns: 157, Time: 00:03:44

Health: -75/273    AC:  4    Str: 28    XL:     27
Magic:  53/53      EV: 26    Int:  5    God:    Makhleb [******]
Gold:   0          SH:  0    Dex: 11    Spells: 0 memorised, 80 levels left

rFire  . . .     SeeInvis +     i - +∞ Axe of Woe
rCold  + . .     Clarity  .     a - +0 robe
rNeg   + + +     SustAt   .     (no shield)
rPois  ∞         Gourm    .     (no helmet)
rElec  .         Spirit   .     (no cloak)
rCorr  .         Warding  .     (no gloves)
rMut   .         NoTele   +     (no boots)
MR     ++...                    (no amulet)
Stlth  +++++++++.               m - +250 ring of slaying
                                l - ring of see invisible

@: rotting, slowed, very slow, very resistant to hostile enchantments,
incredibly stealthy
A: rotting body, claws 1, carnivore 3, cold resistance 1, negative energy
resistance 3, slow healing 1, torment resistance, unbreathing
a: Minor Destruction, Lesser Servant of Makhleb, Major Destruction, Greater
Servant of Makhleb, Renounce Religion


You were in the Dungeon.
You worshipped Makhleb.
Makhleb was exalted by your worship.
You were not hungry.

You visited 1 branch

Inventory:

Hand weapons
 i - the +∞ Axe of Woe (weapon)
   (You found it in the Dungeon)
 k - a +9 war axe
Armour
 a - a +0 robe (worn)
Jewellery
 j - a +30 ring of slaying
 l - a ring of see invisible (left claw)
 m - a +250 ring of slaying (right claw)
Scrolls
 h - a scroll of blinking
Potions
 c - a potion of curing
 d - a potion of heal wounds
 e - a potion of haste
 f - 2 potions of magic
 g - a potion of berserk rage
Comestibles
 b - a meat ration


   Skills:
 O Level 27 Fighting
 O Level 27 Axes
 O Level 27 Throwing
 O Level 27 Armour
 O Level 27 Dodging
 O Level 27 Stealth
 O Level 27 Unarmed Combat
 O Level 27 Spellcasting
 O Level 27 Invocations


You had 80 spell levels left.
You didn't know any spells.

Dungeon Overview and Level Annotations

Branches:
Dungeon (1/1)

Altars:
Makhleb

Annotations:
D The Servant


Innate Abilities, Weirdness & Mutations

Your body is rotting away.
You thrive on raw meat.
You are immune to poison.
You have sharp fingernails.
You are carnivorous and can eat meat at any time.
Your flesh is cold resistant.
You are immune to negative energy.
You heal slowly when monsters are visible.
You are immune to unholy pain and torment.
You can survive without breathing.


Message History

The Servant hits you from afar with a +9 glaive of flaming!!!
The Servant burns you!
You hear a shout!
You hear an angry hiss.
Unknown command.
Unknown command.
You chop the bag of meat into pieces!!!!!
You slaughter the bag of meat joyfully.
You kill the bag of meat!
Makhleb accepts your kill.
You are engulfed in roaring flames.
You hear a shout! x4
The dread is engulfed in roaring flames.
The dread throws hellfire at you.
The hellfire explodes!
The blast of hellfire engulfs you!
* * * LOW HITPOINT WARNING * * *
You hear a shout! x3
Unknown command.
You hear a shout! x2
The Servant hits you with a +9 glaive of flaming!!!!
You die...

o#L#.........%.))))%.#. ...
#W#oD..........)%%%.#..
...#.#.#.S.......%))%.##..%
C..#.#.W.O.#.%....%.#.....
....o.o....%%.%))).#...##
.. #.......##)#).).........
...##.x...)).......§.......
#.....o####@)).#..§..####..
#D..W)§@)).)........#...
####W§§)).....).)......
####...............#
#################


You could see The Servant, an eight-headed meat hydra, a wretched soul
(invisible), a dread and a bag of meat.

Vanquished Creatures
  8 hell knights (D)
  9 hell beasts (D)
  Edmund (D)
  3 greater mummies (D)
  2 great orbs of eyes (D)
  3 wraiths (D)
  12 vampire knights (D)
  33 ogres (D)
  4 liches (D)
  5 hydras (D)
  64 orcs (D)
  5 phantoms (D)
  10 hill giants (D)
  5 skeletal warriors (D)
  4 sea snakes (D)
  5 large abominations (D)
  9 small abominations (D)
  10 crawling corpses (D)
192 creatures vanquished.

Vanquished Creatures (others)
  5 crawling corpses (D)
5 creatures vanquished.

Grand Total: 197 creatures vanquished

Notes
Turn   | Place    | Note
--------------------------------------------------------------
     0 | D        | ztt the Ghoul Monk began the quest for the Orb.
     0 | D        | Reached XP level 1. HP: 19/19 MP: 0/0
     3 | D        | Noticed a bag of meat
     3 | D        | Noticed a meat berserker
     3 | D        | Noticed a bag of meat
     6 | D        | Killed a meat berserker
     6 | D        | Reached skill level 20 in Fighting
     6 | D        | Reached skill level 23 in Unarmed Combat
     6 | D        | Reached XP level 2. HP: 22/57 MP: 1/1
     6 | D        | Reached XP level 3. HP: 24/64 MP: 2/2
     6 | D        | Reached XP level 4. HP: 27/72 MP: 3/3
     6 | D        | Reached XP level 5. HP: 30/80 MP: 4/4
     6 | D        | Reached XP level 6. HP: 33/88 MP: 5/5
     6 | D        | Reached XP level 7. HP: 35/95 MP: 6/6
     6 | D        | Reached XP level 8. HP: 37/103 MP: 7/7
     6 | D        | Reached XP level 9. HP: 39/111 MP: 8/8
     6 | D        | Reached XP level 10. HP: 41/118 MP: 9/9
     6 | D        | Reached XP level 11. HP: 43/126 MP: 10/10
     6 | D        | Reached XP level 12. HP: 45/134 MP: 11/11
     6 | D        | Reached XP level 13. HP: 47/141 MP: 12/12
     8 | D        | Noticed a bag of meat
     9 | D        | Noticed a meat berserker
     9 | D        | Became a worshipper of Makhleb the Destroyer
     9 | D        | Acquired Makhleb's first power
     9 | D        | Acquired Makhleb's second power
    11 | D        | Noticed a meat berserker
    12 | D        | Killed a meat berserker
    12 | D        | Reached skill level 15 in Dodging
    12 | D        | Reached skill level 26 in Unarmed Combat
    12 | D        | Reached XP level 14. HP: 50/158 MP: 13/13
    13 | D        | Killed a meat berserker
    13 | D        | Reached skill level 27 in Fighting
    13 | D        | Reached skill level 5 in Axes
    13 | D        | Reached skill level 27 in Unarmed Combat
    13 | D        | Reached XP level 15. HP: 134/174 MP: 14/14
    14 | D        | Killed a bag of meat
    14 | D        | Acquired Makhleb's third power
    14 | D        | Reached skill level 10 in Stealth
    14 | D        | Reached XP level 16. HP: 111/183 MP: 15/15
    15 | D        | Noticed a meat berserker
    17 | D        | Noticed a large bag of meat
    19 | D        | Noticed a bag of meat
    19 | D        | Killed a meat berserker
    19 | D        | Reached skill level 10 in Axes
    20 | D        | Noticed a bag of meat
    20 | D        | Noticed a bag of meat
    20 | D        | Noticed a bag of meat
    20 | D        | Noticed a bag of meat
    20 | D        | Noticed a meat berserker
    20 | D        | Noticed a bag of meat
    20 | D        | Noticed a bag of meat
    20 | D        | Noticed a large bag of meat
    21 | D        | Noticed a large bag of meat
    21 | D        | Noticed a large bag of meat
    22 | D        | Noticed a destroyer
    22 | D        | Noticed a bag of meat
    23 | D        | Noticed a meat berserker
    23 | D        | Noticed a large bag of meat
    24 | D        | Noticed a bag of meat
    24 | D        | Noticed a bag of meat
    24 | D        | Noticed a large bag of meat
    25 | D        | Noticed a bag of meat
    25 | D        | Noticed a large bag of meat
    25 | D        | Killed a large bag of meat
    25 | D        | Acquired Makhleb's fourth power
    25 | D        | Reached XP level 17. HP: 98/191 MP: 16/16
    26 | D        | Noticed a meat berserker
    26 | D        | Noticed a bag of meat
    26 | D        | Noticed a bag of meat
    26 | D        | Noticed a bag of meat
    26 | D        | Noticed a bag of meat
    26 | D        | Noticed a large bag of meat
    26 | D        | Killed a meat berserker
    26 | D        | Reached skill level 15 in Axes
    26 | D        | Reached skill level 27 in Dodging
    26 | D        | Killed a destroyer
    26 | D        | Reached XP level 18. HP: 171/200 MP: 17/17
    26 | D        | Killed a large bag of meat
    26 | D        | Acquired Makhleb's fifth power
    26 | D        | Killed a large bag of meat
    26 | D        | Killed a large bag of meat
    27 | D        | Noticed a meat berserker
    27 | D        | Noticed a meat berserker
    27 | D        | Noticed a meat berserker
    27 | D        | Noticed a bag of meat
    27 | D        | Noticed a bag of meat
    27 | D        | Noticed a bag of meat
    27 | D        | Noticed a destroyer
    27 | D        | Noticed a destroyer
    27 | D        | Killed a bag of meat
    27 | D        | Reached XP level 19. HP: 207/207 MP: 18/18
    27 | D        | Killed a large bag of meat
    27 | D        | Killed a bag of meat
    27 | D        | Reached skill level 27 in Axes
    27 | D        | Reached skill level 27 in Stealth
    28 | D        | Noticed a bag of meat
    28 | D        | Noticed a bag of meat
    28 | D        | Noticed a bag of meat
    28 | D        | Noticed a bag of meat
    28 | D        | Noticed a bag of meat
    28 | D        | Noticed a bag of meat
    28 | D        | Noticed a bag of meat
    28 | D        | Killed a bag of meat
    28 | D        | Reached skill level 5 in Spellcasting
    29 | D        | Noticed a meat berserker
    29 | D        | Noticed a bag of meat
    29 | D        | Noticed a bag of meat
    29 | D        | Noticed a destroyer
    29 | D        | Killed a bag of meat
    29 | D        | Killed a meat berserker
    29 | D        | Reached skill level 15 in Invocations
    29 | D        | Reached XP level 20. HP: 216/216 MP: 18/35
    30 | D        | Noticed a bag of meat
    30 | D        | Noticed a meat berserker
    30 | D        | Killed a large bag of meat
    31 | D        | Noticed a large bag of meat
    31 | D        | Noticed a bag of meat
    31 | D        | Noticed a bag of meat
    31 | D        | Killed a bag of meat
    31 | D        | Reached skill level 15 in Throwing
    31 | D        | Reached skill level 15 in Armour
    31 | D        | Killed a bag of meat
    31 | D        | Reached skill level 15 in Spellcasting
    32 | D        | Killed a large bag of meat
    32 | D        | Killed a meat berserker
    32 | D        | Reached XP level 21. HP: 224/224 MP: 18/41
    32 | D        | Killed a meat berserker
    33 | D        | Noticed a bag of meat
    33 | D        | Noticed a bag of meat
    33 | D        | Noticed a sculptor of flesh
    33 | D        | Noticed a bag of meat
    33 | D        | Killed a bag of meat
    33 | D        | Killed a bag of meat
    33 | D        | Killed a meat berserker
    33 | D        | Reached XP level 22. HP: 233/233 MP: 18/46
    33 | D        | Killed a bag of meat
    33 | D        | Killed a bag of meat
    33 | D        | Reached skill level 27 in Invocations
    34 | D        | Noticed a bag of meat
    34 | D        | Killed a bag of meat
    34 | D        | Killed a bag of meat
    34 | D        | Killed a meat berserker
    34 | D        | Reached XP level 23. HP: 240/240 MP: 19/50
    35 | D        | Noticed a destroyer
    35 | D        | Noticed a destroyer
    35 | D        | Killed a meat berserker
    35 | D        | Reached skill level 27 in Throwing
    35 | D        | Reached skill level 27 in Armour
    35 | D        | Reached skill level 27 in Spellcasting
    36 | D        | Noticed a destroyer
    36 | D        | Killed a bag of meat
    36 | D        | Killed a destroyer
    36 | D        | Reached XP level 24. HP: 249/249 MP: 19/53
    36 | D        | Killed a bag of meat
    36 | D        | Killed a destroyer
    36 | D        | Killed a bag of meat
    37 | D        | Noticed a bag of meat
    37 | D        | Killed a meat berserker
    37 | D        | Killed a bag of meat
    37 | D        | Reached XP level 25. HP: 257/257 MP: 19/53
    37 | D        | Killed a bag of meat
    38 | D        | Noticed a bag of meat
    38 | D        | Killed a bag of meat
    38 | D        | Killed a bag of meat
    38 | D        | Killed a bag of meat
    38 | D        | Killed a large bag of meat
    39 | D        | Noticed a bag of meat
    39 | D        | Killed a bag of meat
    39 | D        | Killed a destroyer
    39 | D        | Reached XP level 26. HP: 266/266 MP: 20/53
    39 | D        | Killed a bag of meat
    39 | D        | Killed a bag of meat
    40 | D        | Killed a bag of meat
    41 | D        | Noticed a bag of meat
    41 | D        | Killed a destroyer
    41 | D        | Killed a large bag of meat
    42 | D        | Noticed a destroyer
    42 | D        | Killed a bag of meat
    42 | D        | Reached XP level 27. HP: 273/273 MP: 20/53
    42 | D        | Killed a bag of meat
    42 | D        | Killed a bag of meat
    43 | D        | Killed a destroyer
    43 | D        | Killed a bag of meat
    43 | D        | Killed a bag of meat
    43 | D        | Killed a bag of meat
    43 | D        | Killed a destroyer
    44 | D        | Noticed a bag of meat
    44 | D        | Noticed a meat berserker
    44 | D        | Killed a bag of meat
    45 | D        | Noticed a destroyer
    45 | D        | Killed a bag of meat
    45 | D        | Killed a bag of meat
    46 | D        | Noticed a destroyer
    46 | D        | Noticed a sculptor of flesh
    46 | D        | Noticed a sculptor of flesh
    46 | D        | Killed a bag of meat
    47 | D        | Killed a bag of meat
    48 | D        | Noticed a bag of meat
    48 | D        | Killed a bag of meat
    48 | D        | Killed a bag of meat
    48 | D        | Killed a meat berserker
    48 | D        | Killed a sculptor of flesh
    50 | D        | Killed a bag of meat
    51 | D        | Killed a destroyer
    51 | D        | Killed a sculptor of flesh
    52 | D        | Noticed a bag of meat
    52 | D        | Killed a destroyer
    54 | D        | Killed a sculptor of flesh
    54 | D        | Killed a bag of meat
    54 | D        | Killed a destroyer
    55 | D        | Noticed a bag of meat
    55 | D        | Killed a bag of meat
    56 | D        | Noticed a tyrant
    56 | D        | Noticed a tyrant
    57 | D        | Killed a bag of meat
    58 | D        | Noticed a meat berserker
    58 | D        | Noticed a meat berserker
    59 | D        | Killed a bag of meat
    60 | D        | Noticed a meat berserker
    60 | D        | Killed a meat berserker
    61 | D        | Killed a meat berserker
    62 | D        | Killed a tyrant
    62 | D        | Killed a tyrant
    63 | D        | Killed a meat berserker
    65 | D        | Noticed a meat berserker
    65 | D        | Noticed a meat berserker
    66 | D        | Noticed a meat berserker
    66 | D        | Killed a meat berserker
    67 | D        | Killed a meat berserker
    70 | D        | Noticed a dread
    70 | D        | Noticed a meat berserker
    72 | D        | Killed a meat berserker
    73 | D        | Noticed a meat beast
    73 | D        | Noticed a meat beast
    75 | D        | Killed a meat berserker
    76 | D        | Noticed a meat beast
    77 | D        | Noticed a meat beast
    77 | D        | Killed a meat beast
    81 | D        | Noticed a meat beast
    81 | D        | Killed a dread
    81 | D        | Killed a meat beast
    83 | D        | Noticed a meat beast
    83 | D        | Killed a meat beast
    84 | D        | Noticed a meat berserker
    84 | D        | Noticed a bag of meat
    84 | D        | Noticed a wretched soul
    85 | D        | Noticed a wretched soul
    86 | D        | Killed a meat berserker
    86 | D        | Killed a meat beast
    87 | D        | Noticed a bag of meat
    88 | D        | Killed a wretched soul
    90 | D        | Noticed a meat berserker
    90 | D        | Noticed a meat berserker
    90 | D        | Noticed a meat beast
    90 | D        | Killed a meat beast
    91 | D        | Noticed a meat berserker
    91 | D        | Noticed a meat berserker
    92 | D        | Noticed a wretched soul
    92 | D        | Noticed an accursed
    92 | D        | Killed a bag of meat
    92 | D        | Killed a bag of meat
    93 | D        | Killed a meat berserker
    93 | D        | Killed a wretched soul
    94 | D        | Noticed an observer
    94 | D        | Noticed a meat berserker
    95 | D        | Killed a meat beast
    95 | D        | Killed a meat beast
    95 | D        | Killed a meat berserker
    96 | D        | Noticed The Defiler
    97 | D        | Noticed a bag of meat
    97 | D        | Noticed a bag of meat
    97 | D        | Killed The Defiler
    97 | D        | Killed a meat berserker
    98 | D        | Noticed an accursed
    98 | D        | Killed a meat berserker
    98 | D        | Killed a meat berserker
    99 | D        | Noticed a tyrant
   100 | D        | Killed a wretched soul
   100 | D        | Noticed a bag of meat
   101 | D        | Noticed a meat berserker
   102 | D        | Killed an observer
   102 | D        | Killed a tyrant
   103 | D        | Noticed a meat berserker
   103 | D        | Killed an accursed
   105 | D        | Noticed a bag of meat
   106 | D        | Killed a bag of meat
   106 | D        | Killed an accursed
   107 | D        | Killed a meat berserker
   108 | D        | Killed a bag of meat
   109 | D        | Killed a meat berserker
   110 | D        | Noticed a destroyer
   110 | D        | Killed a bag of meat
   111 | D        | Killed a destroyer
   112 | D        | Killed a bag of meat
   114 | D        | Noticed a meat berserker
   116 | D        | Noticed a fleshlord
   117 | D        | Noticed a bag of meat
   117 | D        | Noticed a bag of meat
   117 | D        | Killed a meat berserker
   117 | D        | Killed a fleshlord
   118 | D        | Noticed a wretched soul
   119 | D        | Noticed a wretched soul
   119 | D        | Noticed a bag of meat
   119 | D        | Noticed a bag of meat
   120 | D        | Noticed a bag of meat
   120 | D        | Killed a bag of meat
   121 | D        | Noticed a meat berserker
   121 | D        | Killed a bag of meat
   122 | D        | Noticed a meat berserker
   122 | D        | Noticed a tyrant
   124 | D        | Noticed a bag of meat
   125 | D        | Killed a meat berserker
   126 | D        | Noticed a fleshlord
   126 | D        | Noticed a bag of meat
   126 | D        | Noticed a meat beast
   126 | D        | Noticed a fleshlord
   127 | D        | Noticed a bag of meat
   127 | D        | Noticed a fleshlord
   127 | D        | Noticed a fleshlord
   127 | D        | Killed a wretched soul
   128 | D        | Noticed a bag of meat
   128 | D        | Killed a fleshlord
   130 | D        | Noticed a meat beast
   130 | D        | Killed a meat berserker
   131 | D        | Noticed a bag of meat
   133 | D        | Noticed a bag of meat
   133 | D        | Killed a fleshlord
   133 | D        | Killed a meat beast
   133 | D        | Killed a fleshlord
   134 | D        | Noticed a sculptor of flesh
   134 | D        | Killed a bag of meat
   135 | D        | Killed a bag of meat
   136 | D        | Noticed a large bag of meat
   137 | D        | Noticed a meat berserker
   138 | D        | Noticed a fleshlord
   138 | D        | Noticed a fleshlord
   139 | D        | Noticed a bag of meat
   139 | D        | Noticed a bag of meat
   139 | D        | Killed a meat beast
   139 | D        | Killed a fleshlord
   140 | D        | Noticed a bag of meat
   140 | D        | Killed a fleshlord
   140 | D        | Killed a meat berserker
   141 | D        | Noticed an observer
   141 | D        | Killed a bag of meat
   141 | D        | Killed a bag of meat
   142 | D        | Noticed a fleshlord
   142 | D        | Killed a bag of meat
   143 | D        | Killed a bag of meat
   143 | D        | Killed a fleshlord
   144 | D        | Killed a bag of meat
   144 | D        | Killed a bag of meat
   145 | D        | Noticed a bag of meat
   145 | D        | Noticed The Servant
   145 | D        | Noticed a sculptor of flesh
   145 | D        | Killed a sculptor of flesh
   145 | D        | Killed a bag of meat
   145 | D        | Killed a bag of meat
   146 | D        | Killed a bag of meat
   146 | D        | Killed an observer
   147 | D        | Noticed a dread
   147 | D        | Killed a tyrant
   148 | D        | Noticed a destroyer
   148 | D        | Noticed a dread
   148 | D        | Killed a bag of meat
   149 | D        | Noticed a wretched soul
   149 | D        | Noticed an accursed
   150 | D        | Noticed a bag of meat
   150 | D        | Noticed a bag of meat
   150 | D        | Killed a large bag of meat
   150 | D        | Killed a fleshlord
   150 | D        | Killed a dread
   150 | D        | Killed a dread
   151 | D        | Killed a sculptor of flesh
   151 | D        | Killed a destroyer
   152 | D        | Noticed a meat berserker
   152 | D        | Noticed a dread
   152 | D        | Killed a meat berserker
   153 | D        | Killed an accursed
   155 | D        | Noticed an eight-headed meat hydra
   155 | D        | Killed a wretched soul
   156 | D        | Killed a bag of meat
   157 | D        | Annihilated by The Servant

Vault maps used:
D:        meatsprint

Action                   |  1- 3 |  4- 6 |  7- 9 | 10-12 | 13-15 | 16-18 | 19-21 | 22-24 | 25-27 || total
-------------------------+-------+-------+-------+-------+-------+-------+-------+-------+-------++-------
Melee: Executioner's axe |     1 |       |       |       |     3 |     4 |     6 |     4 |    76 ||    94
